TOP OF THE 1ST |
Montgomery Rebels batting - Pitching for Knoxville Blue Jays : RHP Ron Romanick
|
Pitching: RHP Ron Romanick
|
|
Batting: SHB Arthur Fischetti
|
0-0: Called Strike 0-1: Ball 1-1: Ball 2-1: Ball 3-1: SINGLE (Line Drive, 6MD, EV 94.4 MPH)
|
Batting: LHB Dwayne Murphy
|
0-0: Ball Arthur Fischetti is caught stealing 2nd base 2-6 1-0: Foul Ball, location: 2F 1-1: Fly out, F8 (Flyball, 8RM, EV 97.5 MPH)
|
Batting: LHB Ray Crowley
|
0-0: Ball 1-0: Ball 2-0: Ball 3-0: Base on Balls
|
Batting: RHB Milt Jefferson
|
0-0: SINGLE (Flyball, 9, EV 96.3 MPH) Ray Crowley to second Runner from 2nd tries for 3rd, SAFE, no throw by RF
|
Batting: RHB Nate Tria
|
0-0: Called Strike 0-1: Called Strike 0-2: Foul Ball, location: 2F 0-2: DOUBLE (Flyball, 89XD, EV 95.6 MPH) Ray Crowley scores Milt Jefferson to third Runner from 3rd tries for Home, SAFE, throw by CF to home
|
Batting: RHB Roberto Palacios
|
0-0: Ball 1-0: Fly out, F8 (Flyball, 89D, EV 98.8 MPH)
|
Top of the 1st over - 2 runs, 3 hits, 0 errors, 1 left on base; Montgomery 2 - Knoxville 0 |
BOTTOM OF THE 1ST |
Knoxville Blue Jays batting - Pitching for Montgomery Rebels : RHP Bobby Trinidad
|
Pitching: RHP Bobby Trinidad
|
|
Batting: RHB LaRue Washington
|
0-0: Called Strike 0-1: Ball 1-1: Fly out, F9 (Flyball, 89D, EV 86.9 MPH)
|
Batting: RHB Alex Villalobos
|
0-0: Ball 1-0: Fly out, F6 (Popup, 4MS, EV 73.1 MPH)
|
Batting: LHB Paul O'Neill
|
0-0: Ball 1-0: Fly out, F9 (Flyball, 89M, EV 88.1 MPH)
|
Bottom of the 1st over - 0 runs, 0 hits, 0 errors, 0 left on base; Montgomery 2 - Knoxville 0 |
TOP OF THE 2ND |
Montgomery Rebels batting - Pitching for Knoxville Blue Jays : RHP Ron Romanick
|
Batting: RHB Jeff Schumaker
|
0-0: Ball 1-0: Ground out 5-3 (Groundball, 56, EV 101.9 MPH)
|
Batting: SHB Mike Thorpe
|
0-0: Ground out 5-3 (Groundball, 5, EV 90.0 MPH)
|
Batting: LHB Michael Shinn
|
0-0: Ball 1-0: Ball 2-0: Foul Ball, location: 2F 2-1: Ball 3-1: Called Strike 3-2: Foul Ball, location: 2F 3-2: Foul Ball, location: 2F 3-2: Foul Ball, location: 2F 3-2: Strikes out swinging
|
Top of the 2nd over - 0 runs, 0 hits, 0 errors, 0 left on base; Montgomery 2 - Knoxville 0 |
BOTTOM OF THE 2ND |
Knoxville Blue Jays batting - Pitching for Montgomery Rebels : RHP Bobby Trinidad
|
Batting: RHB Jason Adams
|
0-0: Ball 1-0: Foul Ball, location: 2F 1-1: Ball 2-1: Ground out 6-3 (Groundball, 6, EV 107.5 MPH)
|
Batting: LHB Joe Bivins
|
0-0: Called Strike 0-1: Foul Ball, location: 2F 0-2: Foul Ball, location: 2F 0-2: Ground out 6-3 (Groundball, 6, EV 103.8 MPH)
|
Batting: RHB Brian Asselstine
|
0-0: Ground out 5-3 (Groundball, 5, EV 90.6 MPH)
|
Bottom of the 2nd over - 0 runs, 0 hits, 0 errors, 0 left on base; Montgomery 2 - Knoxville 0 |
TOP OF THE 3RD |
Montgomery Rebels batting - Pitching for Knoxville Blue Jays : RHP Ron Romanick
|
Batting: SHB Arthur Fischetti
|
0-0: Ball 1-0: Foul Ball, location: 2F 1-1: Foul Ball, location: 2F 1-2: Ball 2-2: Fly out, F9 (Flyball, 89S, EV 95.0 MPH)
|
Batting: LHB Dwayne Murphy
|
0-0: Ball 1-0: Foul Ball, location: 2F 1-1: Ball 2-1: Called Strike 2-2: Foul Ball, location: 2F 2-2: Foul Ball, location: 2F 2-2: Ball 3-2: Strikes out swinging
|
Batting: LHB Ray Crowley
|
0-0: Ball 1-0: Ball 2-0: Called Strike 2-1: Called Strike 2-2: Ball 3-2: Foul Ball, location: 2F 3-2: Foul Ball, location: 2F 3-2: Foul Ball, location: 2F 3-2: DOUBLE (Line Drive, 5D, EV 94.4 MPH)
|
Batting: RHB Milt Jefferson
|
0-0: Swinging Strike 0-1: Called Strike 0-2: Ball 1-2: Foul Ball, location: 2F 1-2: SINGLE (Groundball, 4MD, EV 104.4 MPH) Ray Crowley to third Runner from 3rd tries for Home, SAFE, throw by CF to home
|
Batting: RHB Nate Tria
|
0-0: Called Strike 0-1: Ball 1-1: Ball 2-1: Swinging Strike 2-2: Foul Ball, location: 2F 2-2: Foul Ball, location: 2F 2-2: Foul Ball, location: 2F 2-2: Strikes out swinging
|
Top of the 3rd over - 1 run, 2 hits, 0 errors, 1 left on base; Montgomery 3 - Knoxville 0 |
BOTTOM OF THE 3RD |
Knoxville Blue Jays batting - Pitching for Montgomery Rebels : RHP Bobby Trinidad
|
Batting: LHB Danny Goodwin
|
0-0: Ball 1-0: Called Strike 1-1: Ball 2-1: Foul Ball, location: 2F 2-2: Ball 3-2: Base on Balls
|
Batting: RHB Jerry Royster
|
0-0: Foul Ball, location: 2F 0-1: Swinging Strike 0-2: Foul Ball, location: 2F 0-2: Foul Ball, location: 2F 0-2: Grounds into double play, 4-6-3 (Groundball, 4, EV 88.8 MPH)
|
Batting: RHB Kenny Hanes
|
0-0: Ground out 4-3 (Groundball, 34, EV 105.0 MPH)
|
Bottom of the 3rd over - 0 runs, 0 hits, 0 errors, 0 left on base; Montgomery 3 - Knoxville 0 |
TOP OF THE 4TH |
Montgomery Rebels batting - Pitching for Knoxville Blue Jays : RHP Ron Romanick
|
Batting: RHB Roberto Palacios
|
0-0: Ball 1-0: Ball 2-0: Ball 3-0: Called Strike 3-1: SINGLE (Groundball, 56D, EV 100.6 MPH)
|
Batting: RHB Jeff Schumaker
|
0-0: Called Strike 0-1: Ball 1-1: Ball 2-1: Grounds into double play, 4-6-3 (Groundball, 4, EV 81.3 MPH)
|
Batting: SHB Mike Thorpe
|
0-0: Foul Ball, location: 2F 0-1: Called Strike 0-2: Ball 1-2: Strikes out looking
|
Top of the 4th over - 0 runs, 1 hit, 0 errors, 0 left on base; Montgomery 3 - Knoxville 0 |
BOTTOM OF THE 4TH |
Knoxville Blue Jays batting - Pitching for Montgomery Rebels : RHP Bobby Trinidad
|
Batting: RHB LaRue Washington
|
0-0: Ball 1-0: Called Strike 1-1: Ball 2-1: Foul Ball, location: 2F 2-2: Reached on error, E7 (Flyball, 7LS, EV 78.1 MPH)
|
Batting: RHB Alex Villalobos
|
0-0: Ball 1-0: Called Strike 1-1: Ball 2-1: Fly out, F8 (Flyball, 89D, EV 83.8 MPH)
|
Pitching: LHP Tony Fossas
|
|
Batting: LHB Paul O'Neill
|
0-0: Ball 1-0: Foul Ball, location: 2F 1-1: Swinging Strike 1-2: Foul Ball, location: 2F 1-2: Foul Ball, location: 2F 1-2: Fly out, F9 (Line Drive, 9, EV 92.5 MPH)
|
Batting: RHB Jason Adams
|
0-0: Ball 1-0: Called Strike 1-1: Ball 2-1: Ball 3-1: Foul Ball, location: 2F 3-2: Ground out 4-3 (Groundball, 4, EV 94.4 MPH)
|
Bottom of the 4th over - 0 runs, 0 hits, 1 error, 1 left on base; Montgomery 3 - Knoxville 0 |
TOP OF THE 5TH |
Montgomery Rebels batting - Pitching for Knoxville Blue Jays : RHP Ron Romanick
|
Batting: LHB Michael Shinn
|
0-0: Called Strike 0-1: Ball 1-1: Foul Ball, location: 2F 1-2: Foul Ball, location: 2F 1-2: Ball 2-2: SINGLE (Groundball, 3S, EV 62.5 MPH) (infield hit)
|
Batting: SHB Arthur Fischetti
|
0-0: Called Strike 0-1: Swinging Strike 0-2: Ball 1-2: Foul Ball, location: 2F 1-2: Strikes out swinging
|
Batting: LHB Dwayne Murphy
|
0-0: Called Strike 0-1: Swinging Strike 0-2: Ball 1-2: Strikes out swinging
|
Batting: LHB Ray Crowley
|
0-0: Ball 1-0: Called Strike 1-1: Ball 2-1: Ball 3-1: Called Strike 3-2: Base on Balls Michael Shinn to second
|
Batting: RHB Milt Jefferson
|
0-0: Called Strike 0-1: Foul Ball, location: 2F 0-2: Ball 1-2: Foul Ball, location: 2F 1-2: Foul Ball, location: 2F 1-2: Ball 2-2: Strikes out swinging
|
Top of the 5th over - 0 runs, 1 hit, 0 errors, 2 left on base; Montgomery 3 - Knoxville 0 |
BOTTOM OF THE 5TH |
Knoxville Blue Jays batting - Pitching for Montgomery Rebels : LHP Tony Fossas
|
Batting: LHB Joe Bivins
|
0-0: Ball 1-0: Ball 2-0: Ball 3-0: Base on Balls
|
Batting: RHB Brian Asselstine
|
0-0: Ball 1-0: Ground out U3 (Groundball, 13, EV 79.4 MPH) Joe Bivins to second
|
Batting: LHB Danny Goodwin
|
0-0: Ground out 4-3 (Groundball, 4, EV 81.3 MPH) Joe Bivins to third
|
Batting: RHB Jerry Royster
|
0-0: SINGLE (Line Drive, 7S, EV 95.0 MPH) Joe Bivins scores
|
Batting: RHB Kenny Hanes
|
0-0: Ball 1-0: Called Strike 1-1: Ball 2-1: SINGLE (Line Drive, 9S, EV 109.4 MPH) Jerry Royster to second Runner from 2nd tries for 3rd, SAFE, throw by RF made to third
|
Batting: RHB LaRue Washington
|
0-0: Called Strike 0-1: Foul Ball, location: 2F 0-2: Foul Ball, location: 2F 0-2: Ball 1-2: Foul Ball, location: 2F 1-2: Foul Ball, location: 2F 1-2: SINGLE (Groundball, 4MD, EV 111.9 MPH) Jerry Royster scores Kenny Hanes to second Runner from 2nd tries for 3rd, SAFE, no throw by CF
|
Batting: RHB Alex Villalobos
|
0-0: Foul Ball, location: 2F 0-1: Ball 1-1: Ball 2-1: Fly out, F8 (Flyball, 8RXD, EV 90.6 MPH)
|
Bottom of the 5th over - 2 runs, 3 hits, 0 errors, 2 left on base; Montgomery 3 - Knoxville 2 |
TOP OF THE 6TH |
Montgomery Rebels batting - Pitching for Knoxville Blue Jays : RHP Ron Romanick
|
Batting: RHB Nate Tria
|
0-0: Hit by Pitch
|
Batting: RHB Roberto Palacios
|
0-0: Sac Bunt to 15S - play at first, batter OUT! 1-3 Nate Tria to second
|
Batting: RHB Jeff Schumaker
|
0-0: Ball 1-0: Ball 2-0: DOUBLE (Line Drive, 9LS, EV 103.1 MPH) Nate Tria scores
|
Batting: SHB Mike Thorpe
|
0-0: Foul Ball, location: 2F 0-1: Ground out 6-3 (Groundball, 6, EV 81.3 MPH) Jeff Schumaker to third
|
Batting: LHB Michael Shinn
|
0-0: Ball 1-0: Foul Ball, location: 2F 1-1: Called Strike 1-2: Ground out U3 (Groundball, 3, EV 80.0 MPH)
|
Top of the 6th over - 1 run, 1 hit, 0 errors, 1 left on base; Montgomery 4 - Knoxville 2 |
BOTTOM OF THE 6TH |
Knoxville Blue Jays batting - Pitching for Montgomery Rebels : LHP Tony Fossas
|
Batting: LHB Paul O'Neill
|
0-0: Foul Ball, location: 2F 0-1: Ball 1-1: Called Strike 1-2: Foul Ball, location: 2F 1-2: Ball 2-2: Foul Ball, location: 2F 2-2: Ball 3-2: Foul Ball, location: 2F 3-2: Base on Balls
|
Batting: RHB Jason Adams
|
0-0: Ball 1-0: Called Strike 1-1: Grounds into double play, 3-6-3 (Groundball, 34, EV 103.8 MPH)
|
Batting: LHB Joe Bivins
|
0-0: Called Strike 0-1: Foul Ball, location: 2F 0-2: Foul Ball, location: 2F 0-2: Strikes out swinging
|
Bottom of the 6th over - 0 runs, 0 hits, 0 errors, 0 left on base; Montgomery 4 - Knoxville 2 |
TOP OF THE 7TH |
Montgomery Rebels batting - Pitching for Knoxville Blue Jays : RHP Ron Romanick
|
Batting: SHB Arthur Fischetti
|
0-0: Ball 1-0: Ball 2-0: Ball 3-0: Called Strike 3-1: Base on Balls
|
Batting: LHB Dwayne Murphy
|
0-0: Called Strike 0-1: Ball Wild Pitch! Arthur Fischetti to second 1-1: Called Strike 1-2: Ball 2-2: Strikes out swinging
|
Batting: LHB Ray Crowley
|
0-0: Intentional Walk
|
Batting: RHB Milt Jefferson
|
0-0: Foul Ball, location: 2F 0-1: Swinging Strike 0-2: Ball 1-2: Grounds into double play, 3-6-3 (Groundball, 34, EV 102.5 MPH)
|
Top of the 7th over - 0 runs, 0 hits, 0 errors, 1 left on base; Montgomery 4 - Knoxville 2 |
BOTTOM OF THE 7TH |
Knoxville Blue Jays batting - Pitching for Montgomery Rebels : LHP Tony Fossas
|
Batting: RHB Brian Asselstine
|
0-0: Ball 1-0: Called Strike 1-1: Foul Ball, location: 2F 1-2: Ball 2-2: Ball 3-2: Foul Ball, location: 2F 3-2: SOLO HOME RUN (Flyball, 7LD, EV 99.4 MPH), Distance : 366 ft
|
Pitching: RHP Tom Filer
|
|
Batting: LHB Danny Goodwin
|
0-0: Ball 1-0: Fly out, F7 (Flyball, 78D, EV 82.5 MPH)
|
Batting: RHB Jerry Royster
|
0-0: Swinging Strike 0-1: Foul Ball, location: 2F 0-2: Ball 1-2: Ball 2-2: Ground out 4-3 (Groundball, 4, EV 84.4 MPH)
|
Batting: RHB Kenny Hanes
|
0-0: Ball 1-0: Ball 2-0: Foul Ball, location: 2F 2-1: SINGLE (Line Drive, 4MD, EV 101.3 MPH)
|
Batting: RHB LaRue Washington
|
0-0: Ball 1-0: Called Strike 1-1: Swinging Strike 1-2: Ball 2-2: Strikes out swinging
|
Bottom of the 7th over - 1 run, 2 hits, 0 errors, 1 left on base; Montgomery 4 - Knoxville 3 |
TOP OF THE 8TH |
Montgomery Rebels batting - Pitching for Knoxville Blue Jays : RHP Ron Romanick
|
Batting: RHB Nate Tria
|
0-0: Ball 1-0: Ground out 5-3 (Groundball, 56S, EV 83.8 MPH)
|
Batting: RHB Roberto Palacios
|
0-0: Ball 1-0: Foul Ball, location: 2F 1-1: Foul Ball, location: 2F 1-2: Foul Ball, location: 2F 1-2: Ground out 5-3 (Groundball, 5S, EV 81.3 MPH)
|
Batting: RHB Jeff Schumaker
|
0-0: Called Strike 0-1: Foul Ball, location: 2F 0-2: Ball 1-2: Ball 2-2: Fly out, F6 (Flyball, 56D, EV 89.4 MPH)
|
Top of the 8th over - 0 runs, 0 hits, 0 errors, 0 left on base; Montgomery 4 - Knoxville 3 |
BOTTOM OF THE 8TH |
Knoxville Blue Jays batting - Pitching for Montgomery Rebels : RHP Tom Filer
|
Pitching: RHP Lee Smith
|
|
Batting: RHB Alex Villalobos
|
0-0: Ball 1-0: Foul Ball, location: 2F 1-1: Fly out, F8 (Line Drive, 8RM, EV 93.1 MPH)
|
Batting: LHB Paul O'Neill
|
0-0: Called Strike 0-1: Called Strike 0-2: Foul Ball, location: 2F 0-2: Foul Ball, location: 2F 0-2: Strikes out swinging
|
Batting: RHB Jason Adams
|
0-0: Ground out 4-3 (Groundball, 4, EV 86.9 MPH)
|
Bottom of the 8th over - 0 runs, 0 hits, 0 errors, 0 left on base; Montgomery 4 - Knoxville 3 |
TOP OF THE 9TH |
Montgomery Rebels batting - Pitching for Knoxville Blue Jays : RHP Ron Romanick
|
Batting: SHB Mike Thorpe
|
0-0: Ball 1-0: Ball 2-0: Ball 3-0: Called Strike 3-1: SINGLE (Flyball, 6D, EV 91.9 MPH)
|
Batting: LHB Michael Shinn
|
0-0: Grounds into double play, 4-6-3 (Groundball, 4, EV 103.1 MPH)
|
Batting: SHB Arthur Fischetti
|
0-0: Called Strike 0-1: Ball 1-1: Fly out, F8 (Flyball, 8LM, EV 95.0 MPH)
|
Top of the 9th over - 0 runs, 1 hit, 0 errors, 0 left on base; Montgomery 4 - Knoxville 3 |
BOTTOM OF THE 9TH |
Knoxville Blue Jays batting - Pitching for Montgomery Rebels : RHP Lee Smith
|
Batting: LHB Joe Bivins
|
0-0: Ball 1-0: Ball 2-0: SINGLE (Groundball, 56D, EV 97.5 MPH)
|
Pinch Runner at 1st Eddie Milner:
|
|
Batting: RHB Brian Asselstine
|
0-0: Ball 1-0: Ball 2-0: Swinging Strike 2-1: Foul Ball, location: 2F 2-2: Strikes out swinging
|
Batting: LHB Danny Goodwin
|
0-0: Called Strike 0-1: Ball 1-1: Foul Ball, location: 2F 1-2: Strikes out swinging
|
Batting: RHB Jerry Royster
|
0-0: Ball 1-0: Foul Ball, location: 2F 1-1: Ball 2-1: Foul Ball, location: 2F 2-2: Ball 3-2: Foul Ball, location: 2F 3-2: Foul Ball, location: 2F 3-2: Fly out, F9 (Flyball, 9S, EV 90.0 MPH)
|
Bottom of the 9th over - 0 runs, 1 hit, 0 errors, 1 left on base; Montgomery 4 - Knoxville 3 |
|